 Dungeon Crawl Stone Soup version 0.21-a0-348-ga060c75 (webtiles) character file.

2308 Hasart the Basher (level 9, -22/63 HPs)
             Began as a Mummy Fighter on Oct 6, 2017.
             Was an Initiate of Gozag.
             Annihilated by a two-headed ogre
             ... wielding a +0 giant club
              (23 damage)
             ... on level 8 of the Dungeon.
             The game lasted 00:14:49 (7037 turns).

Hasart the Basher (Mummy Fighter)                   Turns: 7037, Time: 00:14:50

Health: -22/63     AC: 13    Str: 22    XL:     9   Next: 18%
Magic:  9/9        EV:  8    Int:  7    God:    Gozag
Gold:   239        SH:  9    Dex: 17    Spells: 8/8 levels left

rFire    . . .     SeeInvis .   k - +3 flail (drain)
rCold    + . .     Gourm    .   c - +0 shield
rNeg     + + +     Faith    .   l - +3 leather armour of Masochism {rElec rF+}
rPois    ∞         Spirit   .   a - +1 helmet
rElec    +         Reflect  .   (no cloak)
rCorr    .         Harm     .   (no gloves)
MR       +....                  (no boots)
Stlth    +.........             (no amulet)
HPRegen  0.20/turn              h - +5 ring of dexterity
MPRegen  0.11/turn              p - +5 ring of protection

@: gold aura
A: no food or potions, fire vulnerability, cold resistance 1, negative energy
resistance 3, torment resistance, unbreathing
a: Potion Petition, Call Merchant, Bribe Branch, Renounce Religion


You were on level 8 of the Dungeon.
You worshipped Gozag.
Gozag was aware of your devotion.
You were not hungry.

You visited 1 branch of the dungeon, and saw 8 of its levels.
You also visited: Sewer.

You collected 1092 gold pieces.
You paid 853 gold pieces to Gozag.

Inventory:

Hand Weapons
 k - a +3 flail of draining (weapon)
Missiles
 j - 2 throwing nets (quivered)
Armour
 a - a +1 helmet (worn)
 c - a +0 shield (worn)
 l - the +3 leather armour of Masochism (worn) {rElec rF+}
   (You found it on level 4 of the Dungeon)

   It protects you from fire.
   It insulates you from electricity.
Jewellery
 g - an uncursed ring of flight
 h - a +5 ring of dexterity (left hand)
 m - a +3 ring of evasion
 p - a +5 ring of protection (right hand)
 r - an uncursed ring of protection from fire {unknown}
Wands
 n - a wand of paralysis (10/24)
Scrolls
 b - 3 scrolls of remove curse
 d - 9 scrolls of identify
 e - a scroll of enchant weapon
 f - 2 scrolls of fog
 i - 4 scrolls of blinking
 o - 3 scrolls of teleportation
 q - a scroll of enchant armour {unknown}


   Skills:
 - Level 3.0 Fighting
 + Level 10.4 Maces & Flails
 - Level 2.4 Armour
 - Level 2.4 Shields


You had 8 spell levels left.
You didn't know any spells.

Dungeon Overview and Level Annotations

Branches:
Dungeon (8/15)             Temple (0/1) D:5
   Lair: D:8-11

Altars:
Cheibriados
Dithmenos
Gozag
Kikubaaqudgha
Qazlal
Sif Muna
Trog
Uskayaw
Yredelemnul
Zin

Shops:
D:8 (

Annotations:
D:5 2 transporters, Syneil's ghost, novice DsBe
D:7 Dowan; Duvessa


Innate Abilities, Weirdness & Mutations

You do not eat or drink.
Your flesh is vulnerable to fire.
You are immune to poison.
Your flesh is cold resistant. (rC+)
You are immune to negative energy. (rN+++)
You are immune to unholy pain and torment.
You can survive without breathing.


Message History

Your shield prevents you from hitting the two-headed ogre.
The two-headed ogre is severely wounded.
The two-headed ogre barely misses you.
The two-headed ogre hits you with a giant club!
* * * LOW HITPOINT WARNING * * *
You hit the two-headed ogre.
The two-headed ogre is severely wounded.
You barely miss the two-headed ogre.
The two-headed ogre is severely wounded.
The two-headed ogre barely misses you. You block the two-headed ogre's attack.
You hit the two-headed ogre. You drain the two-headed ogre!
The two-headed ogre is almost dead.
The two-headed ogre barely misses you.
The two-headed ogre hits you with a giant club!
* * * LOW HITPOINT WARNING * * *
You barely miss the two-headed ogre.
The two-headed ogre is almost dead.
The two-headed ogre hits you with a giant club!!
You die...
Your body crumbles into a pile of gold.

##### ####...#
#......# ##
####.P.P..#### # ..
#....._....... #.##.
##....P.P...... ...
...............
#O####........)....
#.#.@...........##...
#....###......#.#####
####.# #.####.#.# ..
###.###.##.....##.##
....................
###.###....#.####.##
#........#... ##
########.##### # #.#
#


You could see a two-headed ogre.

Vanquished Creatures
  Pikel (D:7)
  An orc warrior (D:4)
  A phantom (D:7)
  A slave (D:7)
  A centaur (D:8)
  3 ogres
  A big kobold (D:7)
  3 bullfrogs (D:7)
  A scorpion (D:7)
  2 howler monkeys
  A jelly (D:5)
  A crimson imp (D:3)
  A centaur skeleton (D:5)
  2 orc priests (D:7)
  2 hounds
  A bullfrog skeleton (D:4)
  9 orc wizards
  Natasha (twice) (D:3)
  2 iguanas (D:4)
  4 worker ants
  Terence (D:3)
  A hound zombie (D:6)
  A hound skeleton (D:6)
  A worker ant zombie (D:8)
  6 adders
  A shadow imp (D:3)
  An ooze (D:2)
  An adder zombie (D:5)
  A worm (D:2)
  2 dart slugs (D:1)
  7 leopard geckos
  19 orcs
  10 giant cockroaches
  4 hobgoblins
  13 jackals
  15 kobolds
  7 ball pythons
  8 bats
  10 frilled lizards
  A giant cockroach zombie (D:5)
  6 goblins
  A jackal skeleton (D:7)
  A jackal zombie (D:6)
  8 rats
  6 plants (Sewer)
172 creatures vanquished.

Vanquished Creatures (others)
  A human (D:6)
  An orc (D:7)
  A plant (Sewer)
3 creatures vanquished.

Grand Total: 175 creatures vanquished

Notes
Turn   | Place    | Note
-------+----------+-------------------------------------------
     0 | D:1      | Hasart the Mummy Fighter began the quest for the Orb.
     0 | D:1      | Reached XP level 1. HP: 18/18 MP: 1/1
     2 | D:1      | Noticed a gargoyle
     2 | D:1      | Noticed a demigod
     4 | D:1      | Noticed a halfling
     4 | D:1      | Noticed a demonspawn
     6 | D:1      | Noticed a felid
     6 | D:1      | Noticed a formicid
     8 | D:1      | Noticed an ogre
    10 | D:1      | Noticed a naga
    10 | D:1      | Noticed a centaur
    12 | D:1      | Noticed a ghoul
    12 | D:1      | Noticed a merfolk
    14 | D:1      | Noticed a vampire
    14 | D:1      | Noticed an octopode
    16 | D:1      | Noticed a tengu
    18 | D:1      | Noticed a dwarf
    18 | D:1      | Noticed an elf
    20 | D:1      | Noticed a troll
    20 | D:1      | Noticed a human
    22 | D:1      | Noticed a draconian
    22 | D:1      | Noticed a vine stalker
    24 | D:1      | Noticed a minotaur
    26 | D:1      | Noticed a spriggan
   214 | D:1      | Reached skill level 2 in Maces & Flails
   224 | D:1      | Reached XP level 2. HP: 24/24 MP: 2/2
   591 | D:1      | Reached XP level 3. HP: 29/29 MP: 3/3
   812 | D:2      | Reached skill level 3 in Maces & Flails
  1334 | D:2      | Reached XP level 4. HP: 22/35 MP: 4/4
  1998 | D:3      | Reached skill level 4 in Maces & Flails
  2063 | D:3      | Found an opulent altar of Gozag.
  2074 | D:3      | Became a worshipper of Gozag Ym Sagoz the Greedy
  2270 | D:3      | Noticed Terence
  2297 | D:3      | Killed Terence
  2297 | D:3      | Reached XP level 5. HP: 30/41 MP: 5/5
  2405 | D:3      | Noticed Natasha
  2408 | D:3      | Killed Natasha
  2531 | D:3      | Noticed Natasha
  2539 | D:3      | Killed Natasha
  2689 | D:3      | Reached skill level 5 in Maces & Flails
  2951 | D:4      | Noticed an ogre
  2969 | D:4      | Killed an ogre
  2969 | D:4      | Reached XP level 6. HP: 30/47 MP: 6/6
  3705 | D:4      | Got an ancient leather armour
  3706 | D:4      | Identified the +3 leather armour of Masochism {rElec rF+} (You found it on level 4 of the Dungeon)
  3816 | D:5      | Entered Level 5 of the Dungeon
  3828 | D:5      | Noticed Syneil's ghost (novice DsBe)
  3844 | D:5      | Noticed an orc warrior
  3863 | D:4      | Reached skill level 6 in Maces & Flails
  3871 | D:4      | Killed an orc warrior
  3871 | D:4      | Reached XP level 7. HP: 25/52 MP: 7/7
  4486 | D:5      | Noticed a kobold demonologist
  4486 | D:5      | Found a transporter.
  4522 | D:5      | Found a transporter.
  4656 | D:5      | Found a staircase to the Ecumenical Temple.
  4976 | D:5      | Reached skill level 7 in Maces & Flails
  5349 | D:6      | Found a snail-covered altar of Cheibriados.
  5356 | D:6      | Found an ancient bone altar of Kikubaaqudgha.
  5361 | D:6      | Found a glowing silver altar of Zin.
  5368 | D:6      | Found a deep blue altar of Sif Muna.
  5373 | D:6      | Found a bloodstained altar of Trog.
  5380 | D:6      | Found a stormy altar of Qazlal.
  5385 | D:6      | Found a hide-covered altar of Uskayaw.
  5526 | D:6      | Found an ancient bone altar of Kikubaaqudgha.
  5529 | D:6      | Noticed a human
  5532 | D:6      | Killed a human
  5613 | D:6      | Found a glowing drain.
  5622 | Sewer    | Entered a sewer
  6249 | D:7      | Reached skill level 8 in Maces & Flails
  6249 | D:7      | Reached XP level 8. HP: 55/58 MP: 8/8
  6305 | D:7      | Found a shadowy altar of Dithmenos.
  6428 | D:7      | Noticed Pikel
  6447 | D:7      | Killed Pikel
  6447 | D:7      | Reached skill level 9 in Maces & Flails
  6718 | D:7      | Noticed Dowan
  6721 | D:7      | Noticed Duvessa
  6724 | D:7      | Reached skill level 10 in Maces & Flails
  6724 | D:7      | Reached XP level 9. HP: 53/63 MP: 9/9
  7002 | D:8      | Found a basalt altar of Yredelemnul.
  7027 | D:8      | Noticed a two-headed ogre
  7036 | D:8      | HP: 1/63 [two-headed ogre/giant club (11)]
  7037 | D:8      | Annihilated by a two-headed ogre

Vault maps used:
D:1:      kb_arrival_jail, minmay_tiny_reverse_x
D:2:      minmay_quantized
D:3:      minmay_misc_feat_five, grunt_gozag_breadcrumbs, uniq_natasha,
          uniq_terence
D:4:      first_bread
D:5:      gammafunk_wand_slinger, minmay_temple_entry_junction
D:6:      grunt_temple_overflow_octagram, gup_sewer_entry_bowl,
          tgw_kikubaaqudgha
D:7:      basic_altar, grunt_ogre_cave, hangedman_decor_points, st_stairs_10,
          minmay_misc_feat_chi, uniq_duvessa, uniq_pikel
D:8:      yredelemnul_altar_generic
Sewer:    sewer_co_scattered_pipes

Skill      XL: |  1  2  3  4  5  6  7  8 |
---------------+-------------------------+-----
Maces & Flails | 2 3 4 5 6 8 10 | 10.4
Fighting       | |  3.0
Armour         | |  2.4
Shields        | |  2.4

Action                   |  1- 3 |  4- 6 |  7- 9 || total
-------------------------+-------+-------+-------++-------
Melee: Flail             |   160 |   153 |   443 ||   756
Throw: Throwing net      |       |       |     2 ||     2
Invok: Call Merchant     |       |       |     1 ||     1
  Use: Scroll            |       |     7 |     4 ||    11
 Stab: Distracted        |       |     1 |     2 ||     3
       Sleeping          |       |       |     2 ||     2
Armor: Scale mail        |    13 |       |       ||    13
       Chain mail        |    90 |    60 |       ||   150
       Leather armour    |       |       |   105 ||   105
Dodge: Dodged            |    34 |    33 |    97 ||   164
Block: Shield            |    93 |    77 |   131 ||   301

Table legend:
 A = Spawn XP
 B = Non-spawn XP
 C = Spawn XP percentage of total XP
 D = Spawn monster count
 E = Non-spawn monster count
 F = Spawn count percentage of total count
 G = Total turns spent on level
                    A         B        C        D         E        F      G
               +---------+---------+-------+---------+---------+-------+---------
         Total |       0 |    3298 |   0.0 |       0 |     165 |   0.0 |  7037
               +---------+---------+-------+---------+---------+-------+---------
           D:1 |       0 |      41 |   0.0 |       0 |      22 |   0.0 |   749
           D:2 |       0 |      71 |   0.0 |       0 |      24 |   0.0 |  1144
           D:3 |       0 |     202 |   0.0 |       0 |      18 |   0.0 |   892
           D:4 |       0 |     425 |   0.0 |       0 |      13 |   0.0 |  1578
           D:5 |       0 |     432 |   0.0 |       0 |      22 |   0.0 |   815
           D:6 |       0 |     175 |   0.0 |       0 |      10 |   0.0 |   472
           D:7 |       0 |    1627 |   0.0 |       0 |      27 |   0.0 |   522
           D:8 |       0 |     287 |   0.0 |       0 |       5 |   0.0 |   275
         Sewer |       0 |      38 |   0.0 |       0 |      24 |   0.0 |   590
               +---------+---------+-------+---------+---------+-------+---------
